 Dungeon Crawl Stone Soup version 0.31.0-4-g52a2dc7128 (webtiles) character file.

Game seed: 18161247652737061113

5425 MollyMolluskus the Grappler (level 10, 0/69 HPs)
             Began as an Octopode Fighter on Jan 21, 2024.
             Was a Follower of Wu Jian.
             Constricted to death by Erica (3 damage)
             ... on level 8 of the Dungeon.
             The game lasted 00:29:44 (7734 turns).

MollyMolluskus the Grappler (Octopode Fighter)      Turns: 7734, Time: 00:29:45

Health: 0/69       AC:  3    Str: 25    XL:     10   Next: 67%
Magic:  10/10      EV: 17    Int: 11    God:    Wu Jian [*.....]
Gold:   357        SH:  7    Dex: 12    Spells: 9/9 levels left

rFire   . .          .
                       - Unarmed
rCold   . . .        a - +2 buckler
rNeg    . . .        p - +2 hat
rPois   .            (no amulet)
rElec   .            f - +5 ring of evasion
rCorr   .            o - +6 ring of strength
SInv    .            (no ring)
Will    .....        (no ring)
Stlth   ++++         (no ring)
HPRegen 0.31/turn    (no ring)
MPRegen 0.12/turn    (no ring)
                     (no ring)

%: no passive effects
@: slowed, constricted, very slow
A: almost no armour, amphibious, 8 rings, camouflage 1, gelatinous body 1,
(nimble swimmer 1), tentacles
a: Renounce Religion


You were on level 8 of the Dungeon.
You worshipped Wu Jian.
Wu Jian was aware of your devotion.
You visited 2 branches of the dungeon, and saw 9 of its levels.

You collected 452 gold pieces.
You spent 95 gold pieces at shops.

Inventory:

Missiles
 s - 4 javelins
 v - 8 poisoned darts (quivered)
Armour
 a - a +2 buckler (worn)
 p - a +2 hat (worn)
Jewellery
 f - a +5 ring of evasion (left tentacle)
 o - a +6 ring of strength (right tentacle)
Talismans
 t - a maw talisman
Wands
 c - a wand of paralysis (5)
 q - a wand of mindburst (10)
 r - a wand of flame (11)
Scrolls
 d - 2 scrolls of teleportation
 m - 3 scrolls of revelation
 u - a scroll of fear
Potions
 b - a potion of might
 g - a potion of haste
 h - 2 potions of invisibility {unknown}
 j - a potion of enlightenment {unknown}
 k - a potion of ambrosia {unknown}
 n - a potion of berserk rage {unknown}
 x - a potion of lignification {unknown}


   Skills:
 + Level 6.8 Fighting
 + Level 6.9 Dodging
 - Level 6.0 Stealth
 - Level 6.0 Shields
 + Level 8.1 Unarmed Combat
 + Level 5.2 Evocations
 * Level 5.2 Shapeshifting


You had 9 spell levels left.
You didn't know any spells.
Your spell library contained the following spells:

 Spells                   Type           Power      Damage    Failure   Level
 Cause Fear               Hex            0%         N/A       99%         4
 Fireball                 Conj/Fire      0%         3d3       100%        5
 Dragon's Call            Summ           0%         N/A       100%        9


Dungeon Overview and Level Annotations

Branches:
Dungeon (8/15)             Temple (1/1) D:6
   Lair: D:8-11

Altars:
Ashenzari
Cheibriados
Dithmenos
Elyvilon
Gozag
Hepliaklqana
Kikubaaqudgha
Makhleb
Nemelex Xobeh
Okawaru
Qazlal
Ru
Sif Muna
Trog
Uskayaw
Vehumet
Wu Jian
Xom
Yredelemnul
Zin
The Shining One

Shops:
D:3 ?

Annotations:
D:8 Erica, Gastronok


Innate Abilities, Weirdness & Mutations

You cannot wear most types of armour.
You are amphibious.
You can wear up to eight rings at the same time.
Your skin changes colour to match your surroundings (Stealth+).
Your rubbery body absorbs attacks. (AC +1, EV +1)
((You are camouflaged when in or above water. (Stealth+)))
You have tentacles for arms and can constrict up to eight enemies at once.


Message History

You kill the orc warrior!
The Council accepts your kill.
You can now lightly attack monsters by moving around them.
You bludgeon the orc!
You kill the orc!
The Council accepts your kill.
Unknown command.
Aiming: Mindburst
Press: ? - help, Shift-Dir - straight line, f - Erica
Aim: Erica, wielding a +2 scimitar of flaming and wearing a ring of protection from fire (chance to affect: 50%) Erica's mind is blasted!!
Erica stares at you and mumbles some strange words.
You feel yourself slow down.
Aiming: Mindburst
Press: ? - help, Shift-Dir - straight line, f/p - Erica
Aim: Erica, wielding a +2 scimitar of flaming and wearing a ring of protection from fire (moderately wounded, chance to affect: 50%) Erica's mind is blasted!!
Erica mumbles some strange words.
Erica flickers and vanishes!
Deactivating autopickup; reactivate with Ctrl-A.
Items here: )) [ †.
Aiming: Mindburst
Press: ? - help, Shift-Dir - straight line Something's mind is blasted!
You tentacle-slap something.
Your tentacle-slap misses something.
Your squeeze misses something. Something completely misses you.
Something grabs you.
You are constricted.
You miss something. Something hits you! Something burns you.
You are constricted.
You barely miss something.
Your tentacle-slap misses something.
Something hits you!!
* * * LOW HITPOINT WARNING * * *
Something burns you.
* * * LOW HITPOINT WARNING * * *
You are constricted.
* * * LOW HITPOINT WARNING * * *
You hear some strange, mumbled words.
You feel as though you will be slow longer.
You are constricted.
You die...

...........#.....................
...........#.........>...........
...........#.....................
...........#.....................
...........#.................>...
...........#.............. ......
###......#######...####### #....
###......###..##...###...####....
#..............)@................
#.............)..................
#................................
#......................).........
#.............#....#.............
#................................
##.<.....##.....##....#...#######
##.......##'....##....#######....
......................>....#.....


There were no monsters in sight!

Vanquished Creatures
  Amaemon (D:8)
  Pikel (D:7)
  Joseph (D:7)
  An orange demon (D:8)
  Maggie (D:6)
  Grinder (D:6)
  2 wyverns (D:8)
  3 ice beasts
  2 orc warriors
  3 sky beasts
  2 black bears
  An ogre (D:6)
  A centaur (D:8)
  A kobold brigand (D:6)
  4 scorpions
  3 bullfrogs
  12 wights
  A crimson imp (D:7)
  A bombardier beetle (D:6)
  5 hounds
  2 jellies
  2 orc priests
  8 iguanas
  A sleepcap (D:5)
  Natasha (twice) (D:3)
  Terence (D:2)
  An orc wizard (D:8)
  Robin (D:3)
  2 adders
  A white imp (D:7)
  4 ufetubi
  2 dart slugs
  18 orcs
  6 endoplasms
  3 giant cockroaches
  17 goblins
  7 hobgoblins
  2 jackals (D:3)
  4 quokkas
  3 ball pythons
  5 bats
  3 frilled lizards
  10 kobolds
  4 rats
156 creatures vanquished.

Notes
Turn   | Place    | Note
-------+----------+-------------------------------------------
     0 | D:1      | MollyMolluskus the Octopode Fighter began the quest for the
                  | Orb.
     0 | D:1      | Reached XP level 1. HP: 16/16 MP: 1/1
   254 | D:1      | Reached XP level 2. HP: 18/21 MP: 2/2
   393 | D:1      | Reached skill level 1 in Stealth
   677 | D:1      | Reached XP level 3. HP: 21/26 MP: 3/3
  1650 | D:2      | Noticed Terence
  1663 | D:2      | Killed Terence
  1664 | D:2      | Reached skill level 3 in Unarmed Combat
  1664 | D:2      | Reached XP level 4. HP: 21/31 MP: 4/4
  1898 | D:3      | Noticed a scorpion
  2053 | D:3      | Noticed Robin
  2067 | D:3      | Killed Robin
  2217 | D:3      | Killed a scorpion
  2218 | D:3      | Reached XP level 5. HP: 28/36 MP: 5/5
  2296 | D:3      | Noticed Natasha
  2304 | D:3      | Killed Natasha
  2432 | D:3      | Noticed a black bear
  2597 | D:3      | Noticed Natasha
  2604 | D:3      | Killed Natasha
  2605 | D:3      | Reached XP level 6. HP: 40/43 MP: 6/6
  2629 | D:3      | Killed a black bear
  2630 | D:3      | Reached skill level 4 in Unarmed Combat
  2757 | D:3      | Found Bywowko's Magic Scroll Emporium.
  2760 | D:3      | Bought a scroll of blinking for 75 gold pieces
  2760 | D:3      | Bought a scroll of identify for 20 gold pieces
  2895 | D:4      | Found a hide-covered altar of Uskayaw.
  2900 | D:4      | Reached XP level 7. HP: 47/48 MP: 7/7
  3219 | D:4      | Reached skill level 5 in Unarmed Combat
  3508 | D:4      | Found a broken altar of Ashenzari.
  3508 | D:4      | Found a glowing silver altar of Zin.
  3549 | D:5      | Entered Level 5 of the Dungeon
  3826 | D:5      | Reached XP level 8. HP: 35/54 MP: 8/8
  4088 | D:5      | Reached skill level 1 in Evocations
  4485 | D:5      | Reached skill level 5 in Stealth
  4629 | D:6      | Reached skill level 6 in Unarmed Combat
  4652 | D:6      | Reached skill level 5 in Dodging
  4674 | D:6      | Reached skill level 5 in Fighting
  4674 | D:6      | Reached skill level 5 in Shields
  4759 | D:6      | Noticed Grinder
  4766 | D:6      | Killed Grinder
  4946 | D:6      | Found a staircase to the Ecumenical Temple.
  4956 | Temple   | Entered the Ecumenical Temple
  4997 | D:6      | Found a radiant altar of Vehumet.
  5023 | D:6      | Reached XP level 9. HP: 45/61 MP: 9/9
  5285 | D:6      | Noticed Maggie
  5295 | D:6      | Killed Maggie
  5296 | D:6      | Reached skill level 1 in Shapeshifting
  5383 | D:6      | Reached skill level 7 in Unarmed Combat
  6681 | D:7      | Noticed Joseph
  6686 | D:7      | Noticed Pikel
  6692 | D:7      | Killed Joseph
  6695 | D:7      | Killed Pikel
  6696 | D:7      | Reached XP level 10. HP: 44/68 MP: 10/10
  6778 | D:7      | Found an ornate altar of the Wu Jian Council.
  6784 | D:7      | Became a worshipper of the Wu Jian Council
  7006 | D:8      | Noticed Gastronok
  7192 | D:8      | Noticed an orange demon
  7193 | D:8      | Noticed Amaemon
  7194 | D:8      | Noticed Erica
  7365 | D:8      | Found a hazy altar of Hepliaklqana.
  7607 | D:8      | Killed Amaemon
  7608 | D:8      | Reached skill level 8 in Unarmed Combat
  7608 | D:8      | Reached skill level 5 in Evocations
  7613 | D:8      | Killed an orange demon
  7614 | D:8      | Reached skill level 5 in Shapeshifting
  7725 | D:8      | Reached * piety under Wu Jian
  7734 | D:8      | HP: 3/69 [something (4)]
  7734 | D:8      | Constricted to death by Erica

Illustrated notes

Levels and vault maps discovered:
D:1:      nzn_arrival_depleted_hourglass, layout_basic
D:2:      layout_basic, uniq_terence
D:3:      layout_loops_ring, serial_shops, nicolae_shop_rolled_up,
          nicolae_concentric_dashed_squares_mild, kennysheep_generic_room_5,
          uniq_natasha, uniq_robin
D:4:      layout_basic, old_standard_altar, gammafunk_temple_overflow_statue
D:5:      layout_basic
D:6:      layout_basic, kennysheep_mini_moat, minmay_temple_entry_large_hall,
          kennysheep_nub, uniq_maggie, uniq_grinder
D:7:      layout_basic, pdpol_wu_jian_five_deadly_venoms,
          minmay_fire_ice_demons, uniq_pikel, uniq_joseph
D:8:      layout_gridville, lemuel_doored_altar, skrybe_limestone_x, uniq_erica,
          uniq_gastronok, uniq_amaemon
Temple:   regret_index_temple_generic_petals

Skill      XL: |  1  2  3  4  5  6  7  8  9 10 |
---------------+-------------------------------+-----
Stealth        | 1 2 3 4 5 6 |  6.0
Unarmed Combat | 3 4 5 6 7 8 |  8.1
Fighting       | 4 5 6 |  6.8
Dodging        | 4 5 6 |  6.9
Shields        | 4 5 6 |  6.0
Evocations     | 2 4 5 |  5.2
Shapeshifting  | 3 5 |  5.2

Action                     |  1- 3 |  4- 6 |  7- 9 | 10-12 || total
---------------------------+-------+-------+-------+-------++-------
  Melee: Unarmed           |    66 |    71 |   204 |    56 ||   397
         Constrict         |    16 |    14 |    41 |    12 ||    83
         Tentacles         |    16 |    16 |    50 |    11 ||    93
         Punch             |     1 |     3 |     9 |     5 ||    18
  Throw: Stone             |       |     2 |     7 |       ||     9
         Dart              |       |       |     5 |     2 ||     7
         Boomerang         |       |       |       |     5 ||     5
Ability: Lunge             |       |       |       |    13 ||    13
  Evoke: Wand              |       |       |     6 |    15 ||    21
    Use: Scroll            |     5 |     3 |     7 |     3 ||    18
         Potion            |       |       |     4 |     2 ||     6
   Stab: Sleeping          |    12 |     4 |    13 |       ||    29
         Distracted        |       |       |     1 |     1 ||     2
 Armour: Skin              |    23 |    25 |    47 |    20 ||   115
  Dodge: Dodged            |    25 |    16 |   110 |    35 ||   186
  Block: Buckler           |    13 |     6 |    21 |    18 ||    58
